 Dungeon Crawl Stone Soup version 0.28-a0-906-g0406aca7d3 (webtiles) character file.

Game seed: 4404070751957329737

94 siradein the Vexing (level 4, -1/25 HPs)
             Began as a Deep Elf Arcane Marksman on Nov 23, 2021.
             Killed from afar by a white imp (9 damage)
             ... with a puff of frost
             ... summoned by Natasha
             ... on level 1 of the Dungeon.
             The game lasted 00:04:55 (2222 turns).

siradein the Vexing (Deep Elf Arcane Marksman)      Turns: 2222, Time: 00:04:56

Health: -1/25      AC:  3    Str:  7    XL:     4   Next: 38%
Magic:  8/10       EV: 12    Int: 19    God:
Gold:   43         SH:  0    Dex: 15    Spells: 2/9 levels left

rFire   . . .      SeeInvis .   a - +0 hunting sling
rCold   . . .      Faith    .   (no shield)
rNeg    . . .      Spirit   .   g - +0 leather armour
rPois   .          Reflect  .   (no helmet)
rElec   .          Harm     .   (no cloak)
rCorr   .          Rampage  .   (no gloves)
Will    .....                   (no boots)
Stlth   +.........              (no amulet)
HPRegen 0.08/turn               (no ring)
MPRegen 0.12/turn               (no ring)

@: no status effects
A: no striking features
a: no special abilities


You were on level 1 of the Dungeon.
You visited 1 branch of the dungeon, and saw 2 of its levels.

You collected 43 gold pieces.

Inventory:

Hand Weapons
 a - a +0 hunting sling (weapon)
 j - a +0 short sword
Missiles
 c - 37 sling bullets
 i - 75 stones (quivered ammo)
Armour
 g - a +0 leather armour (worn)
Scrolls
 h - a scroll of fog {unknown}
 l - 2 scrolls of identify {unknown}
 m - a scroll of torment {unknown}
Potions
 b - 2 potions of might {unknown}
 d - a potion of flight {unknown}
 e - a potion of heal wounds {unknown}
 f - a potion of curing {unknown}
 k - a potion of haste


   Skills:
 + Level 1.5 Fighting
 + Level 2.1 Slings
 + Level 3.3 Dodging
 + Level 3.0 Spellcasting
 + Level 4.6 Hexes
 + Level 0.1 Translocations
 + Level 0.0 Fire Magic


You had 2 spell levels left.
You knew the following spells:

 Your Spells              Type           Power      Damage    Failure   Level
a - Slow                  Hex            80%        N/A       3%          1
b - Inner Flame           Hex/Fire       11%        N/A       26%         3
c - Portal Projectile     Hex/Tloc       22%        N/A       26%         3

Your spell library contained the following spells:

 Spells                   Type           Power      Damage    Failure   Level
 Cause Fear               Hex            10%        N/A       32%         4


Dungeon Overview and Level Annotations

Branches:
Dungeon (2/15)

Altars:

Annotations:
D:1 Natasha
D:2 1 runed translucent door, Crazy Yiuf


Message History

The magic dart hits you.
Natasha mumbles some strange words.
You see here a +0 ring mail.
The crimson imp blinks!
The crimson imp blinks!
The crimson imp blinks!
A frilled lizard comes into view.
There is a stone staircase leading up here.
The frilled lizard hisses angrily.
The crimson imp blinks! x2; Natasha barely misses you.
You climb upwards.
The crimson imp disappears in a puff of smoke!
There is a stone staircase leading down here.
Natasha mumbles some strange words.
You feel disoriented. Natasha claws you.
You feel yourself speed up.
Natasha stares at you and mumbles some strange words.
The magic dart hits you!
* * * LOW HITPOINT WARNING * * *
Natasha is no longer moving slowly.
Casting: Slow (safe; 3% risk of failure)
Confirm with . or Enter, or press ? or * to list all spells.
Aiming: Slow (safe; 3% risk of failure)
Press: ? - help, Shift-Dir - straight line, f - Natasha
Aim: Natasha (chance to affect: 59%) Natasha resists with significant effort.
Natasha mumbles some strange words.
Casting: Slow (safe; 3% risk of failure)
Confirm with . or Enter, or press ? or * to list all spells.
Aiming: Slow (safe; 3% risk of failure)
Press: ? - help, Shift-Dir - straight line, f/p - Natasha
Aim: Natasha (chance to affect: 59%) Natasha seems to slow down.
Natasha wildly gestures.
Natasha shimmers violently.
Natasha mumbles some strange words.
The white imp gestures at you. The puff of frost hits you!
You die...

#.# #.# #.# #.# #.#
#.# ##### ##.# #.#
#...#####..###.####
#........#.........
#...#####..#.######
##.## ##.#.# #@#
#.#.# #.# #.#.# #.#
#.#.# #5# ##.#.# #
#h# ####....# ###
#.# #.......# #..
#5###.##.#.## #.#
#.......###.## #.#
#..##..## ##.###.#


You could see Natasha (slow), a white imp (summoned) and a shadow imp
(summoned).

Vanquished Creatures
  Jessica (D:2)
  Natasha (D:2)
  An adder (D:2)
  A worm (D:2)
  4 ball pythons
  A bat (D:2)
  An endoplasm (D:2)
  A giant cockroach (D:2)
  5 goblins
  6 hobgoblins
  A kobold (D:1)
  6 frilled lizards (D:1)
  2 rats
31 creatures vanquished.

Notes
Turn   | Place    | Note
-------+----------+-------------------------------------------
     0 | D:1      | siradein the Deep Elf Arcane Marksman began the quest for
                  | the Orb.
     0 | D:1      | Reached XP level 1. HP: 11/11 MP: 5/5
   217 | D:1      | Reached skill level 1 in Fighting
   219 | D:1      | Reached XP level 2. HP: 16/16 MP: 6/6
  1213 | D:2      | Noticed Jessica
  1221 | D:2      | Reached XP level 3. HP: 20/20 MP: 8/8
  1246 | D:2      | Killed Jessica
  1251 | D:2      | Learned a level 3 spell: Inner Flame
  1449 | D:2      | Noticed Natasha
  1460 | D:2      | Killed Natasha
  1461 | D:2      | Reached XP level 4. HP: 22/25 MP: 8/10
  1514 | D:2      | Learned a level 3 spell: Portal Projectile
  1915 | D:2      | Found a runed translucent door.
  1916 | D:2      | Noticed Crazy Yiuf
  2174 | D:2      | Noticed Natasha
  2222 | D:1      | Killed from afar by a white imp

Illustrated notes

Levels and vault maps discovered:
D:1:      wander_arrival_chamber, layout_loops_ring
D:2:      layout_basic, uniq_natasha, uniq_jessica, uniq_crazy_yiuf_cottage

Skill      XL: |  1  2  3  4 |
---------------+-------------+-----
Fighting       | 1 |  1.5
Spellcasting   | 2 3 |  3.0
Dodging        | 3 |  3.3
Slings         | 2 |  2.1
Hexes          | |  4.6
Translocations | |  0.1

Action                   |  1- 3 |  4- 6 || total
-------------------------+-------+-------++-------
 Fire: Hunting sling     |    94 |    20 ||   114
 Cast: Slow              |     5 |     6 ||    11
       Inner Flame       |       |     1 ||     1
Armor: Leather armour    |     1 |       ||     1
Dodge: Dodged            |    16 |     3 ||    19

Table legend: (Time is in decaauts)
 A = Elapsed time spent in this place.
 B = Non-inter-level travel time spent in this place.
 C = Inter-level travel time spent in this place.
 D = Time resting spent in this place.
 E = Time spent auto-exploring this place.
 F = Levels seen in this place.
 G = Mean time per level.
                   A        B        C        D        E       F      G
               +--------+--------+--------+--------+--------+-----+--------+
         Total |   2245 |   2232 |     13 |      0 |   1910 |   2 | 1122.5 |
       Dungeon |   2245 |   2232 |     13 |      0 |   1910 |   2 | 1122.5 |
               +--------+--------+--------+--------+--------+-----+--------+

Top non-repeatable levels by time:
     D:2: 1341 daAuts
     D:1: 903 daAuts
